 Dungeon Crawl Stone Soup version 0.28.0 (webtiles) character file.

Game seed: 3788364028389339508

155 HallandMoats the Skirmisher (level 5, -2/33 HPs)
             Began as a Gargoyle Fighter on Feb 13, 2022.
             Slain by Natasha (5 damage)
             ... on level 3 of the Dungeon.
             The game lasted 00:01:57 (2737 turns).

HallandMoats the Skirmisher (Gargoyle Fighter)      Turns: 2737, Time: 00:01:58

Health: -2/33      AC: 11    Str: 21    XL:     5   Next: 37%
Magic:  6/6        EV:  9    Int:  9    God:
Gold:   86         SH:  4    Dex:  9    Spells: 4/4 levels left

rFire   . . .      SeeInvis .   a - +0 war axe
rCold   . . .      Faith    .   c - +0 buckler
rNeg    + . .      Spirit   .   b - +0 scale mail
rPois   ∞          Reflect  .   (no helmet)
rElec   +          Harm     .   (no cloak)
rCorr   .          Rampage  .   (no gloves)
Will    .....                   (no boots)
Stlth   ..........              (no amulet)
HPRegen 0.11/turn               (no ring)
MPRegen 0.10/turn               (no ring)

@: slowed, very slow
A: sickness immunity, AC +4, negative energy resistance 1, electricity
resistance, torment resistance 1, petrification resistance
a: no special abilities


You were on level 3 of the Dungeon.
You visited 1 branch of the dungeon, and saw 3 of its levels.

You collected 86 gold pieces.

Inventory:

Hand Weapons
 a - a +0 war axe (weapon)
Armour
 b - a +0 scale mail (worn)
 c - a +0 buckler (worn)
Scrolls
 e - 2 scrolls of magic mapping {unknown}
 h - a scroll of amnesia {unknown}
 i - a scroll of immolation
 k - 3 scrolls of identify {unknown}
 n - a scroll of fear {unknown}
 o - a scroll of teleportation {unknown}
Potions
 d - a potion of might
 f - a potion of attraction {unknown}
 g - 2 potions of curing {unknown}
 j - 2 potions of degeneration {unknown}
 l - 2 potions of heal wounds {unknown}
 m - a potion of brilliance {unknown}


   Skills:
 * Level 4.1 Fighting
 * Level 2.6 Axes
 + Level 3.8 Armour
 + Level 0.9 Dodging
 + Level 3.8 Shields
 * Level 2.3 Invocations


You had 4 spell levels left.
You didn't know any spells.
Your spell library was empty.

Dungeon Overview and Level Annotations

Branches:
Dungeon (3/15)

Altars:
Vehumet

Annotations:
D:3 1 runed translucent door, Natasha; crazypyro's ghost, amateur MiFi


Innate Abilities, Weirdness & Mutations

You are immune to sickness and miasma.
Your stone body is resilient. (AC +4)
You are immune to poison.
You resist negative energy. (rN+)
You are resistant to electric shocks. (rElec)
You are resistant to unholy torment.
You are immune to petrification.


Message History

The crimson imp hits you but does no damage.
Natasha claws you but does no damage.
The crimson imp hits you but does no damage.
Unknown command.
You hit Natasha.
Natasha is lightly wounded.
You barely miss the crimson imp. Natasha claws you.
The crimson imp shouts, "Fly, thou rough-hewn clapper-clawed flirt-gill!"
The crimson imp hits you but does no damage.
Natasha claws you but does no damage.
The crimson imp hits you but does no damage.
You barely miss Natasha.
Natasha is lightly wounded.
You slash the crimson imp! Natasha casts a spell at you.
You feel as though you will be slow longer.
The crimson imp completely misses you. Natasha claws you.
The crimson imp closely misses you.
You closely miss Natasha.
Natasha is lightly wounded.
You hit the crimson imp. Natasha claws you! The crimson imp misses you.
Natasha casts a spell at you.
The magic dart hits you but does no damage.
The crimson imp hits you.
You closely miss Natasha.
Natasha is lightly wounded.
You closely miss the crimson imp. Natasha claws you.
* * * LOW HITPOINT WARNING * * *
The crimson imp hits you but does no damage.
Natasha claws you.
* * * LOW HITPOINT WARNING * * *
The crimson imp hits you but does no damage.
You closely miss Natasha.
Natasha is lightly wounded.
You slash the crimson imp! You block Natasha's attack.
The crimson imp hits you but does no damage.
Natasha barely misses you.
The crimson imp hits you but does no damage.
Natasha claws you.
You die...

.# #.# ..# # .# ..#.#
.##..#.##########
#####.......#......[.# ###
####...†.....# #.#.##.#.## #..
..##.#####...###.#.......## #.#
#.##.#####h...........#....
#.#####.#.....##@# ##.#.#..#.###
.....##.#..##.##5# #.#.#..#.#
..##.......##.##.# #........#
........##.......# ####...###
..########.......# #...#
....######.##.##.# #...#
...........##.##.#### #...#
...........##.<.....#####...#####
..#<...>.......................[.


You could see Natasha and a crimson imp (summoned).

Vanquished Creatures
  An iguana (D:3)
  Jessica (D:2)
  Natasha (D:3)
  3 adders (D:2)
  3 dart slugs
  2 orcs (D:3)
  4 ball pythons
  3 endoplasms
  4 giant cockroaches
  A goblin (D:1)
  2 hobgoblins (D:1)
  2 quokkas
  5 bats
  A frilled lizard (D:1)
  8 kobolds
  6 rats
47 creatures vanquished.

Notes
Turn   | Place    | Note
-------+----------+-------------------------------------------
     0 | D:1      | HallandMoats the Gargoyle Fighter began the quest for the
                  | Orb.
     0 | D:1      | Reached XP level 1. HP: 14/14 MP: 1/1
   289 | D:1      | Reached XP level 2. HP: 17/19 MP: 2/2
   658 | D:1      | Reached skill level 1 in Invocations
   932 | D:1      | Reached XP level 3. HP: 23/23 MP: 3/3
  1098 | D:2      | Noticed Jessica
  1351 | D:2      | Killed Jessica
  1403 | D:2      | Reached XP level 4. HP: 24/29 MP: 5/5
  2161 | D:3      | Found a runed translucent door.
  2162 | D:3      | Noticed crazypyro's ghost (amateur MiFi)
  2417 | D:3      | Found a radiant altar of Vehumet.
  2485 | D:3      | Reached skill level 4 in Fighting
  2485 | D:3      | Reached XP level 5. HP: 25/33 MP: 6/6
  2578 | D:3      | Noticed Natasha
  2587 | D:3      | Killed Natasha
  2615 | D:3      | Noticed Natasha
  2737 | D:3      | Slain by Natasha

Illustrated notes

Levels and vault maps discovered:
D:1:      dpeg_arrival_connections, layout_basic, minmay_tetromino_i2
D:2:      layout_basic, uniq_jessica
D:3:      layout_loops_cross, vehumet_crystals, ebering_ghost_inner_flame,
          uniq_natasha

Skill      XL: |  1  2  3  4 |
---------------+-------------+-----
Axes           | 2 |  2.6
Invocations    | 1 2 |  2.3
Fighting       | 4 |  4.1
Armour         | |  3.8
Dodging        | |  0.9
Shields        | |  3.8

Action                   |  1- 3 |  4- 6 || total
-------------------------+-------+-------++-------
Melee: War axe           |    72 |    82 ||   154
Armor: Scale mail        |    47 |    49 ||    96
Dodge: Dodged            |    52 |    44 ||    96
Block: Buckler           |    23 |    20 ||    43
